 Dungeon Crawl Stone Soup version 0.31.0-2-g5a2aebc5c2 (webtiles) character file.

Game seed: 13833934955636019514

208 BigPumpCobain the Cudgeller (level 5, 0/47 HPs)
             Began as a Minotaur Fighter on Jan 20, 2024.
             Slain by Pikel
             ... wielding a +2 whip of freezing
              (2 damage)
             ... on level 5 of the Dungeon.
             The game lasted 00:03:02 (3313 turns).

BigPumpCobain the Cudgeller (Minotaur Fighter)      Turns: 3313, Time: 00:03:03

Health: 0/47       AC:  9    Str: 23    XL:     5   Next: 55%
Magic:  0/4        EV:  8    Int:  5    God:
Gold:   178        SH:  4    Dex:  9    Spells: 4/4 levels left

rFire   . . .        a - +0 flail
rCold   . . .        c - +0 buckler
rNeg    . . .        l - +0 chain mail
rPois   .            (helmet restricted)
rElec   .            (no cloak)
rCorr   .            (no gloves)
SInv    .            (no boots)
Will    .....        h - amulet of guardian spirit Stlth
                     e - ring of flight
HPRegen 0.27/turn    (no ring)
MPRegen 0.09/turn

%: guardian spirit
@: mighty, flying
A: horns 2, retaliatory headbutt
a: no special abilities


You were on level 5 of the Dungeon.
You visited 1 branch of the dungeon, and saw 5 of its levels.

You collected 178 gold pieces.

Inventory:

Hand Weapons
 a - a +0 flail (weapon)
 p - a +2 whip of draining
Missiles
 m - 6 javelins (quivered)
Armour
 c - a +0 buckler (worn)
 l - a +0 chain mail (worn)
Jewellery
 e - a ring of flight (left hand)
 h - an amulet of guardian spirit (around neck)
Scrolls
 j - 3 scrolls of immolation
 k - a scroll of amnesia
 o - a scroll of noise
 r - a scroll of revelation {unknown}
 s - a scroll of teleportation {unknown}
 t - a scroll of poison {unknown}
 u - a scroll of fear {unknown}
 v - 3 scrolls of torment {unknown}
Potions
 b - 3 potions of heal wounds {unknown}
 f - a potion of invisibility {unknown}
 g - 2 potions of brilliance {unknown}
 i - a potion of enlightenment {unknown}
 n - 2 potions of curing {unknown}
 q - a potion of haste {unknown}


   Skills:
 + Level 4.7 Fighting
 * Level 4.8 Maces & Flails
 + Level 4.6 Armour
 + Level 4.7 Shields


You had 4 spell levels left.
You didn't know any spells.
Your spell library contained the following spells:

 Spells                   Type           Power      Damage    Failure   Level
 Freeze                   Ice            0%         1d3       98%         1
 Frozen Ramparts          Ice            0%         1d1       100%        3
 Hailstorm                Conj/Ice       0%         3d5       100%        3


Dungeon Overview and Level Annotations

Branches:
Dungeon (5/15)
 Temple: D:4-7

Altars:
Fedhas
Qazlal
Uskayaw
Vehumet
Wu Jian

Annotations:
D:5 Pikel


Innate Abilities, Weirdness & Mutations

You have a pair of horns on your head.
You reflexively headbutt those who attack you in melee.


Message History

You are too injured to fight recklessly!
You are too injured to fight recklessly!
You are too injured to fight recklessly!
You are too injured to fight recklessly!
You are too injured to fight recklessly!
You are too injured to fight recklessly!
You are too injured to fight recklessly!
You are too injured to fight recklessly!
You are too injured to fight recklessly!
You are too injured to fight recklessly!
You are too injured to fight recklessly!
You are too injured to fight recklessly!
You are too injured to fight recklessly!
Sorry, you're not good enough to have a special ability.
You closely miss Pikel. Pikel closely misses you.
You sock Pikel!
Pikel is moderately wounded.
Pikel hits you with a +2 whip of freezing.
Pikel freezes you.
You thump Pikel!
Pikel is heavily wounded.
Pikel hits you with a +2 whip of freezing.
* * * LOW HITPOINT WARNING * * *
Pikel freezes you.
* * * LOW HITPOINT WARNING * * *
You hit Pikel.
Pikel is heavily wounded.
Pikel hits you with a +2 whip of freezing!
* * * LOW HITPOINT WARNING * * *
Pikel freezes you.
* * * LOW HITPOINT WARNING * * *
You hit Pikel. Your headbutt misses Pikel.
Pikel is heavily wounded.
Pikel barely misses you.
You feel very mighty all of a sudden.
Pikel hits you with a +2 whip of freezing.
* * * LOW HITPOINT WARNING * * *
Pikel freezes you.
You die...
Pikel says, "Another soul for the market." #..........# #.......... ......... # .....$| ..SB. ### 55Y

..####### #K#
#.......########@# .#
#######........#.#.<.##
########.........#
###.#...#.. #....##
##...# #..# .... .##.#


You could see Pikel, an ice beast, 2 lemures, a bombardier beetle and an adder.

Vanquished Creatures
  A bombardier beetle (D:4)
  An orc priest (D:3)
  An orc wizard (D:4)
  3 adders
  A dart slug (D:4)
  A ribbon worm (D:2)
  11 orcs
  6 ball pythons
  5 endoplasms
  2 giant cockroaches
  7 goblins
  6 hobgoblins
  3 jackals (D:3)
  5 quokkas
  2 bats (D:2)
  3 frilled lizards (D:1)
  7 kobolds
  6 rats
71 creatures vanquished.

Notes
Turn   | Place    | Note
-------+----------+-------------------------------------------
     0 | D:1      | BigPumpCobain the Minotaur Fighter began the quest for the
                  | Orb.
     0 | D:1      | Reached XP level 1. HP: 19/19 MP: 0/0
   258 | D:1      | Reached XP level 2. HP: 27/27 MP: 1/1
   381 | D:1      | Found a faded altar of an unknown god.
   972 | D:2      | Found a radiant altar of Vehumet.
  1273 | D:2      | Reached XP level 3. HP: 32/33 MP: 2/2
  2296 | D:3      | Reached XP level 4. HP: 29/40 MP: 1/3
  2906 | D:4      | Reached XP level 5. HP: 35/47 MP: 1/4
  3033 | D:4      | Identified the +0 leather armour "Ricro" {Regen+ Str+4
                  | Dex-5}
  3100 | D:4      | Found a stormy altar of Qazlal.
  3102 | D:4      | Found a hide-covered altar of Uskayaw.
  3105 | D:4      | Found a blossoming altar of Fedhas.
  3139 | D:4      | Found an ornate altar of the Wu Jian Council.
  3275 | D:5      | Entered Level 5 of the Dungeon
  3298 | D:5      | Noticed a lemure
  3298 | D:5      | Noticed a lemure
  3298 | D:5      | Noticed a lemure
  3298 | D:5      | Noticed Pikel
  3299 | D:5      | Noticed a lemure
  3299 | D:5      | Noticed an ice beast
  3313 | D:5      | HP: 2/47 [Pikel/+2 whip of freezing (2)]
  3313 | D:5      | Slain by Pikel

Illustrated notes

Levels and vault maps discovered:
D:1:      lemuel_arrival_hallway, layout_basic,
          shapermc_ecumenical_altar_mp_vishouse
D:2:      layout_basic, basic_altar, minmay_vboxes
D:3:      layout_loops_ring, feat_on_display
D:4:      layout_gridville, grunt_temple_overflow_open
D:5:      layout_rooms, serial_shops, kennysheep_mini_moat, uniq_pikel

Skill      XL: |  1  2  3  4 |
---------------+-------------+-----
Maces & Flails | 3 4 |  4.8
Armour         | 4 |  4.6
Fighting       | 4 |  4.7
Shields        | 4 |  4.7

Action                     |  1- 3 |  4- 6 || total
---------------------------+-------+-------++-------
  Melee: Flail             |   105 |    91 ||   196
         Headbutt          |    12 |    14 ||    26
    Use: Scroll            |     3 |       ||     3
         Potion            |       |     1 ||     1
 Armour: Scale mail        |    36 |       ||    36
         Chain mail        |    19 |    59 ||    78
  Dodge: Dodged            |    43 |    33 ||    76
  Block: Buckler           |    20 |    24 ||    44
